 Dungeon Crawl Stone Soup version 0.32-a0-893-gf85d74f360 (webtiles) character file.

Game seed: 1079121351383082201

620 pokedragonboy the Chopper (level 7, -3/59 HPs)
             Began as an Armataur Warper on Apr 3, 2024.
             Was an Initiate of Cheibriados.
             Incinerated by a bombardier beetle (5 damage)
             ... with a burning spray
             ... on level 5 of the Dungeon.
             The game lasted 00:15:10 (5484 turns).

pokedragonboy the Chopper (Armataur Warper)         Turns: 5484, Time: 00:15:11

Health: -3/59      AC:  8    Str: 19    XL:     7   Next: 22%
Magic:  9/9        EV:  5    Int: 14    God:    Cheibriados [......]
Gold:   195        SH:  0    Dex: 11    Spells: 4/9 levels left

rFire   . . .        n - +0 war axe
rCold   + . .        (no shield)
rNeg    . . .        o - +0 chain mail
rPois   .            (no helmet)
rElec   .            (no cloak)
rCorr   .            (no gloves)
SInv    .            (no barding)
Will    .....        (no amulet) Stlth
                     s - ring of protection from cold
HPRegen 0.29/turn    (no ring)
MPRegen 0.11/turn

%: roll
@: on fire, about to teleport, glowing, very slow
A: large, deformed body, tough skin 3, armoured tail, rollpage 2, claws 1,
passive freeze, noise suppression, devolution 1
a: Renounce Religion


You were on level 5 of the Dungeon.
You worshipped Cheibriados.
Cheibriados was noncommittal.
You visited 2 branches of the dungeon, and saw 6 of its levels.

You collected 195 gold pieces.

Inventory:

Hand Weapons
 n - a +0 war axe (weapon)
Missiles
 d - 7 darts of dispersal (quivered)
 j - 2 poisoned darts
 k - 5 atropa-tipped darts
Armour
 o - a +0 chain mail (worn)
Jewellery
 s - a ring of protection from cold (left claw)
Wands
 i - a wand of polymorph (3)
 q - a wand of paralysis (7)
Scrolls
 b - a scroll of revelation {unknown}
 c - a scroll of amnesia {unknown}
 g - a scroll of vulnerability
 p - a scroll of enchant weapon {unknown}
 r - a scroll of poison {unknown}
Potions
 m - a potion of magic


   Skills:
 + Level 4.0 Fighting
 + Level 4.7 Axes
 - Level 0.8 Throwing
 + Level 4.7 Armour
 - Level 1.3 Dodging
 - Level 1.7 Spellcasting
 - Level 3.0 Translocations


You had 4 spell levels left.
You knew the following spells:

 Your Spells              Type           Power      Damage    Failure   Level
j - Teleport Other        Tloc           9%         N/A       86%         3
n - Blink                 Tloc           18%        N/A       63%         2

Your spell library contained the following spells:

 Spells                   Type           Power      Damage    Failure   Level
 Apportation              Tloc           18%        N/A       50%         1
 Lesser Beckoning         Tloc           18%        N/A       63%         2
 Maxwell's Portable Pile  Tloc           9%         2d(6-16)  86%         3
 Jinxbite                 Hex            2%         N/A       96%         2
 Vhi's Electric Charge    Tloc/Air       10%        N/A       100%        4
 Alistair's Intoxication  Alch           0%         N/A       100%        5


Dungeon Overview and Level Annotations

Branches:
Dungeon (5/15)             Temple (1/1) D:4

Altars:
Ashenzari
Cheibriados
Fedhas
Gozag
Hepliaklqana
Kikubaaqudgha
Makhleb
Ru
Sif Muna
Trog
Uskayaw
Wu Jian
Zin
The Shining One


Innate Abilities, Weirdness & Mutations

Armour fits poorly on your strangely shaped body.
You have extremely tough skin. (AC +3)
You have a long armoured tail.
You regenerate magic and health when rolling toward enemies. (Rampage Regen)
You have sharp fingernails.
A frigid envelope surrounds you and freezes all who hurt you.
You passively dampen the noise of your surroundings.
You have hidden genetic defects.


Message History

As you read the scroll of teleportation, it crumbles to dust.
You feel strangely unstable. The liquid fire burns you!
The phantom barely misses you.
The jackal bites you but does no damage.
Unknown command.
You barely miss the phantom.
The phantom is moderately damaged.
You slash the jackal!
You kill the jackal!
Cheibriados thoroughly appreciates the change of pace.
The liquid fire burns you!
The phantom hits you but does no damage.
The phantom hits you.
* * * LOW HITPOINT WARNING * * *
The phantom blinks!
You blink.
You slash the phantom!
Your tail-slap misses the phantom.
The phantom is severely damaged.
The liquid fire burns you!
* * * LOW HITPOINT WARNING * * *
The phantom hits you.
* * * LOW HITPOINT WARNING * * *
The phantom is very cold.
The phantom resists.
The phantom is severely damaged.
The bombardier beetle waves its antennae.
You completely miss the phantom.
Your tail-slap misses the phantom.
The phantom is severely damaged.
The liquid fire burns you!
* * * LOW HITPOINT WARNING * * *
The phantom hits you.
* * * LOW HITPOINT WARNING * * *
The phantom is very cold.
The phantom resists.
The phantom is severely damaged.
Okay, then.
Okay, then.
You miss the phantom.
The phantom is severely damaged.
The liquid fire burns you!
You die...
Cheibriados appreciates the motionlessness of death.

.........### ....
#....<....##.....
#.....(†.....#
##...........#
#..<..hB.##..#
#.............#
..#
##..#..........#
... #.
#........#W#####
......####..@>.#
###....# #.....#
#....# #.....#
#....# #######


You could see a phantom, a bombardier beetle and a hound.

Vanquished Creatures
  Grinder (D:4)
  A black bear (D:4)
  An ogre (D:4)
  An orc priest (D:3)
  An iron imp (D:3)
  2 orc wizards (D:4)
  7 adders
  A dart slug (D:1)
  2 ribbon worms
  9 orcs
  7 ball pythons
  4 bats
  5 endoplasms
  2 giant cockroaches
  3 goblins
  11 hobgoblins
  10 jackals
  7 kobolds
  A quokka (D:2)
  4 frilled lizards
  2 rats (D:2)
82 creatures vanquished.

Notes
Turn   | Place    | Note
-------+----------+-------------------------------------------
     0 | D:1      | pokedragonboy the Armataur Warper began the quest for the
                  | Orb.
     0 | D:1      | Reached XP level 1. HP: 17/17 MP: 3/3
   171 | D:1      | You fall into a shaft and drop 1 floor!
   234 | D:2      | Reached XP level 2. HP: 16/24 MP: 4/4
   346 | D:2      | Reached XP level 3. HP: 19/29 MP: 5/5
   495 | D:2      | Found an opulent altar of Gozag.
  1439 | D:2      | Reached XP level 4. HP: 37/37 MP: 6/6
  2170 | D:3      | Found a glowing golden altar of the Shining One.
  2253 | D:3      | Became a worshipper of the Shining One
  2287 | D:3      | Found a glowing silver altar of Zin.
  2287 | D:3      | Noticed an ogre
  2605 | D:2      | Reached XP level 5. HP: 44/44 MP: 7/7
  2652 | D:3      | Found a burning altar of Makhleb.
  3185 | D:4      | Learned a level 2 spell: Blink
  3192 | D:4      | Learned a level 3 spell: Teleport Other
  3218 | D:4      | Noticed a black bear
  3230 | D:4      | Killed a black bear
  3403 | D:4      | Noticed Grinder
  3412 | D:4      | Paralysed by Grinder for 3 turns
  3426 | D:4      | Paralysed by Grinder for 2 turns
  3432 | D:4      | Killed Grinder
  3433 | D:4      | Reached XP level 6. HP: 35/51 MP: 8/8
  3519 | D:4      | Found a staircase to the Ecumenical Temple.
  3541 | Temple   | Entered the Ecumenical Temple
  3550 | Temple   | Fell from the grace of the Shining One
  3550 | Temple   | Became a worshipper of Cheibriados the Contemplative
  3828 | D:4      | Found an ancient bone altar of Kikubaaqudgha.
  4295 | D:4      | Gained mutation: You regenerate magic and health when
                  | rolling toward enemies. (Rampage Regen) [Armataur growth]
  4295 | D:4      | Reached XP level 7. HP: 32/58 MP: 9/9
  4806 | D:4      | Found a sacrificial altar of Ru.
  4928 | D:5      | Entered Level 5 of the Dungeon
  5106 | D:4      | Gained mutation: You passively dampen the noise of your
                  | surroundings. [potion of mutation]
  5106 | D:4      | Gained mutation: You have hidden genetic defects. [potion
                  | of mutation]
  5106 | D:4      | Gained mutation: A frigid envelope surrounds you and
                  | freezes all who hurt you. [potion of mutation]
  5106 | D:4      | Gained mutation: You have sharp fingernails. [potion of
                  | mutation]
  5483 | D:5      | HP: 2/59 [phantom (4)]
  5484 | D:5      | Incinerated by a bombardier beetle

Illustrated notes

Levels and vault maps discovered:
D:1:      sevenhm_arrival_forest_fort_small_5, layout_basic, serial_glass,
          glass_columns_a, glass_columns_b, glass_columns_a
D:2:      minmay_spotlight, layout_basic, basic_altar, grunt_ministairs_9
D:3:      layout_basic, demons_altar, mainiacjoe_overflow_boulevard,
          nicolae_overflow_crystal_walls
D:4:      layout_basic, nicolae_ru_path_of_blood,
          nicolae_kikubaaqudgha_miasma_corner, minmay_temple_entry_mist,
          minmay_misc_feat_doors, grunt_decor_fettered, abandoned_shop,
          serial_bayou_lagoon_b, uniq_grinder
D:5:      layout_rooms, grunt_dithmenos_shadows,
          nicolae_overflow_guarded_unrand_okawaru_victory, uniq_blork_the_orc
Temple:   hellmonk_temple_micro_hex

Skill      XL: |  1  2  3  4  5  6  7 |
---------------+----------------------+-----
Fighting       | 2 3 4 |  4.0
Axes           | 2 3 4 |  4.7
Armour         | 2 3 4 |  4.7
Throwing       | |  0.8
Dodging        | |  1.3
Spellcasting   | |  1.7
Translocations | |  3.0

Action                     |  1- 3 |  4- 6 |  7- 9 || total
---------------------------+-------+-------+-------++-------
  Melee: Hand axe          |    98 |    24 |       ||   122
         Tailslap          |     8 |    20 |     1 ||    29
         War axe           |       |   123 |    31 ||   154
  Throw: Dart              |       |     5 |       ||     5
  Evoke: Wand              |       |     1 |       ||     1
    Use: Scroll            |     1 |     7 |     1 ||     9
         Potion            |       |     4 |     6 ||    10
   Stab: Paralysed         |       |     3 |       ||     3
         Invisible         |       |     1 |       ||     1
 Armour: Leather armour    |    28 |       |       ||    28
         Ring mail         |    19 |       |       ||    19
         Scale mail        |     7 |    20 |       ||    27
         Chain mail        |       |   149 |    78 ||   227
         Skin              |       |     2 |    50 ||    52
  Dodge: Dodged            |    35 |    50 |    21 ||   106

Table legend: (Time is in decaauts)
 A = Elapsed time spent in this place.
 B = Non-inter-level travel time spent in this place.
 C = Inter-level travel time spent in this place.
 D = Time resting spent in this place.
 E = Time spent auto-exploring this place.
 F = Levels seen in this place.
 G = Mean time per level.
                   A        B        C        D        E       F      G
               +--------+--------+--------+--------+--------+-----+--------+
         Total |   5831 |   5460 |    371 |   2037 |   2457 |   6 |  971.8 |
       Dungeon |   5815 |   5444 |    371 |   2037 |   2457 |   5 | 1163.0 |
        Temple |     15 |     15 |      0 |      0 |      0 |   1 |   15.0 |
               +--------+--------+--------+--------+--------+-----+--------+

Top non-repeatable levels by time:
     D:4: 2194 daAuts
     D:2: 1712 daAuts
     D:3: 1328 daAuts
     D:1: 516 daAuts
     D:5: 63 daAuts
  Temple: 15 daAuts
